Map: Oxide LE

Players

PtitDrogo

  • Race: Protoss Protoss

HeroMarine - Winner!

  • Race: Terran Terran

Event: DreamHack SC2 Masters 2021 Fall

VOD

Have the link to the VOD?

Description

Time

  • Played on: Aug. 5, 2021, 12:46 p.m.
  • Length: 7:49

All games in this series

Show
View Real Time Build Order
Export as new Build Order

PtitDrogo Protoss 

Build Orders: Zealot Archon, Archon Drop, Dark Templar Rush 

Get SALT Encoding   

  12  0:00  Probe  
  13  0:12  Probe  
  14  0:18  Pylon  
  14  0:24  Probe  
  15  0:36  Gateway  
  15  0:38  Probe (Chrono Boost)  
  16  0:47  Assimilator, Probe (Chrono Boost)  
  17  0:52  Probe (Chrono Boost)  
  18  1:04  Probe  
  19  1:16  Probe  
  20  1:24  Cybernetics Core  
  20  1:30  Probe  
  20  1:31  Assimilator  
  20  1:32  Pylon, Zealot  
  23  1:50  Probe  
  24  1:58  Adept (Chrono Boost)  
  26  2:01  Warp Gate  
  26  2:02  Probe  
  26  2:03  Pylon  
  27  2:14  Probe  
  28  2:22  Adept  
  30  2:26  Probe  
  30  2:29  Twilight Council  
  31  2:44  Nexus  
  31  2:46  Probe  
  32  2:58  Probe  
  33  3:02  Adept  
  35  3:09  Dark Shrine  
  35  3:12  Probe  
  36  3:17  Gateway  
  36  3:24  Probe  
  37  3:30  Pylon  
  37  3:36  Probe  
  38  3:43  Gateway  
  39  3:48  Probe  
  39  3:51  Stalker  
  41  3:56  Probe  
  41  4:00  Probe  
  43  4:08  Probe  
  44  4:11  Robotics Facility  
  44  4:12  Probe  
  45  4:20  Probe  
  45  4:21  Stalker  
  45  4:23  Dark Templar  
  39  4:34  Probe  
  36  4:39  Dark Templar x2  
  36  4:45  Probe (Chrono Boost)  
  37  4:47  Probe (Chrono Boost)  
  38  4:55  Probe (Chrono Boost)  
  38  4:56  Probe (Chrono Boost)  
  38  5:00  Probe (Chrono Boost)  
  38  5:01  Probe (Chrono Boost)  
  40  5:07  Dark Templar  
  40  5:11  Probe (Chrono Boost)  
  40  5:13  Probe (Chrono Boost)  
  42  5:16  Charge (Chrono Boost)  
  43  5:21  Probe (Chrono Boost)  
  43  5:22  Probe (Chrono Boost)  
  43  5:26  Warp Prism (Chrono Boost), Probe (Chrono Boost)  
  45  5:31  Probe  
  48  5:42  Gateway  
  48  5:43  Gateway  
  48  5:47  Gateway  
  48  5:50  Archon  
  48  5:52  Dark Templar  
  50  5:57  Assimilator  
  50  5:59  Probe x2  
  52  6:06  Dark Templar  
  52  6:09  Pylon  
  54  6:12  Archon  
  54  6:21  Gateway  
  54  6:22  Gateway  
  54  6:25  Shield Battery  
  54  6:27  Probe  
  54  6:28  Pylon  
  54  6:31  Zealot  
  57  6:34  Shield Battery  
  57  6:36  Zealot x2  
  61  6:49  Zealot x2  
  63  6:57  Zealot x3  
  63  7:09  Zealot x2  
  57  7:21  Zealot x4  
  47  7:33  Stalker x2  
  36  7:39  Zealot  
  36  7:43  Zealot  
Show
View Real Time Build Order
Export as new Build Order

HeroMarine Terran - Winner!

Build Orders: Cyclone Opening 

Get SALT Encoding   

  12  0:00  SCV  
  13  0:12  SCV  
  14  0:17  Supply Depot  
  14  0:24  SCV  
  14  0:27  Refinery  
  15  0:39  SCV  
  16  0:45  Barracks  
  16  0:51  SCV  
  17  1:03  SCV  
  18  1:10  Engineering Bay  
  18  1:15  SCV  
  19  1:33  Marine, Orbital Command  
  20  1:40  Factory  
  20  1:49  Supply Depot  
  20  1:51  Barracks Reactor  
  20  1:59  SCV  
  21  2:11  SCV  
  22  2:23  SCV  
  22  2:24  Factory Tech Lab  
  22  2:28  Marine x2  
  25  2:31  Command Center  
  25  2:37  Supply Depot  
  25  2:42  Cyclone  
  28  2:46  Marine  
  28  2:47  Marine  
  30  2:51  SCV  
  30  2:54  Refinery  
  31  3:03  SCV  
  32  3:08  Marine x2  
  34  3:14  Cyclone  
  34  3:16  SCV  
  38  3:21  Supply Depot  
  38  3:33  Starport  
  39  3:35  SCV  
  39  3:42  Marine x2  
  39  3:45  Orbital Command  
  39  3:47  SCV  
  45  3:59  SCV  
  45  4:00  Marine x2  
  45  4:11  SCV  
  45  4:12  Factory Tech Lab, SCV  
  47  4:18  Marine x2  
  47  4:21  Raven  
  47  4:23  SCV  
  47  4:24  SCV  
  48  4:35  Marine x2, SCV  
  48  4:36  SCV  
  55  4:38  Siege Tank  
  50  4:48  SCV x2  
  50  4:50  Barracks  
  44  4:53  Marine x2  
  43  5:00  SCV x2  
  43  5:11  Marine x2  
  43  5:16  Siege Tank  
  47  5:29  Marine x2  
  47  5:32  Banshee  
  50  5:37  Marine  
  51  5:46  Supply Depot  
  51  5:47  Marine x2  
  53  5:55  Siege Tank  
  53  5:56  Marine  
  57  6:04  Marine x2  
  57  6:05  Supply Depot  
  57  6:10  SCV x2  
  61  6:14  Marine  
  62  6:22  Marine x2  
  62  6:23  Banshee  
  67  6:30  Supply Depot  
  67  6:32  Marine, SCV x2  
  70  6:37  Siege Tank  
  73  6:40  Marine x2  
  75  6:50  Marine  
  72  6:58  Marine x2  
  69  7:07  Marine  
  68  7:16  Marine  
  65  7:28  Marine  
  65  7:29  SCV  

Tags
 
Add a new tag
Caveats
  • Supply blocks, unpowered buildings, or Contaminate may cause inaccurate times.
  • Supply counts are checked every 10 seconds.